[ PARTIDA AOE2 · #469696920 ]
UnrankedBorgoñones vs Berbers
Equipo del jugador · DERR
Equipo rival · VICT
[ ANÁLISIS DE REPETICIÓN · EXTRAÍDO DE LA PARTIDA GRABADA ]
Feudal
8:53
Castillos
—
Imperial
—
| APM promedio | 40.8 |
| APM pico | 75 |
| eAPM promedio | 19.5 |
| Aldeanos / militares | 38 / 20 |
Foco
⚔️ 33.2% · 🌾 66.8%
Skirmisher ×13 · Flemish Militia ×5 · Archer ×1 · Spearman ×1
Feudal
9:17
Castillos
—
Imperial
—
| APM promedio | 61.7 |
| APM pico | 114 |
| eAPM promedio | 25.3 |
| Aldeanos / militares | 50 / 25 |
Foco
⚔️ 35.0% · 🌾 65.0%
Archer ×18 · Scout Cavalry ×7
Mapa de la partida
Recursos iniciales + cada clic de construcción. Líneas = muros · curvas = relieve. ◆ oro · ⬟ piedra · ● bayas · ✦ reliquia · ◌ hueco del cierre
Tu base· Abierta — flanco sin cerrar
Base de Madeen· Abierta — flanco sin cerrar
Terreno inicial suavizado · ◌ = hueco del cierre detectado · pasá el cursor para detalles
Inputs por minuto
— Capyphract - - Madeen
Build order — Capyphract
124 acciones detectadas en el replay
| 0:00 | Crear | Villager (Male) |
| 0:00 | Crear | Villager (Male) |
| 0:01 | Crear | Villager (Male) |
| 0:01 | Crear | Villager (Male) |
| 0:02 | Construir | House |
| 0:04 | Construir | House |
| 1:27 | Crear | Villager (Male) |
| 1:45 | Construir | Lumber Camp |
| 1:57 | Crear | Villager (Male) |
| 2:17 | Crear | Villager (Male) |
| 2:48 | Crear | Villager (Male) |
| 3:09 | Crear | Villager (Male) |
| 3:32 | Crear | Villager (Male) |
| 3:53 | Crear | Villager (Male) |
| 3:55 | Construir | House |
| 4:04 | Construir | Palisade Wall |
| 4:07 | Construir | Palisade Wall |
| 4:08 | Construir | Palisade Wall |
| 4:15 | Crear | Villager (Male) |
| 4:37 | Construir | Mill |
| 4:40 | Crear | Villager (Male) |
| 4:56 | Crear | Villager (Male) |
| 5:20 | Crear | Villager (Male) |
| 5:32 | Investigar | Loom |
| 6:43 | Investigar | Feudal Age |
| 6:51 | Construir | Lumber Camp |
| 7:32 | Construir | House |
| 7:54 | Construir | Barracks |
| 8:13 | Investigar | Double-Bit Axe |
| 8:14 | Crear | Villager (Male) |
| 8:53 | Edad | Edad Feudal |
| 8:54 | Crear | Flemish Militia |
| 8:57 | Construir | Archery Range |
| 9:05 | Crear | Villager (Male) |
| 9:15 | Crear | Flemish Militia |
| 9:23 | Crear | Villager (Male) |
| 9:38 | Crear | Skirmisher |
| 9:40 | Construir | House |
| 9:42 | Construir | House |
| 9:54 | Crear | Skirmisher |
| 10:00 | Construir | Blacksmith |
| 10:01 | Crear | Villager (Male) |
| 10:15 | Construir | Mill |
| 10:31 | Crear | Villager (Male) |
| 10:32 | Crear | Skirmisher |
| 10:34 | Crear | Spearman |
| 10:52 | Construir | Farm |
| 10:57 | Construir | Farm |
| 11:07 | Crear | Villager (Male) |
| 11:11 | Construir | House |
| 11:32 | Construir | Farm |
| 11:33 | Construir | Farm |
| 11:35 | Investigar | Horse Collar |
| 11:45 | Construir | House |
| 11:56 | Crear | Villager (Male) |
| 11:56 | Crear | Skirmisher |
| 12:13 | Crear | Villager (Male) |
| 12:18 | Construir | House |
| 12:27 | Construir | Mining Camp |
| 12:31 | Crear | Skirmisher |
| 12:38 | Construir | House |
| 12:41 | Construir | Palisade Wall |
| 12:43 | Crear | Villager (Male) |
| 12:51 | Construir | Palisade Wall |
| 12:58 | Crear | Villager (Male) |
| 13:19 | Construir | Farm |
| 13:20 | Construir | Farm |
| 13:20 | Crear | Villager (Male) |
| 13:29 | Construir | House |
| 13:31 | Crear | Villager (Male) |
| 13:35 | Construir | Palisade Wall |
| 13:46 | Construir | Farm |
| 13:52 | Investigar | Padded Archer Armor |
| 13:56 | Construir | Palisade Wall |
| 14:06 | Crear | Villager (Male) |
| 14:13 | Construir | Palisade Wall |
| 14:21 | Crear | Skirmisher |
| 14:25 | Construir | Farm |
| 14:27 | Construir | Farm |
| 14:39 | Crear | Villager (Male) |
| 14:41 | Crear | Flemish Militia |
| 14:49 | Construir | Palisade Wall |
| 14:50 | Crear | Skirmisher |
| 15:02 | Crear | Villager (Male) |
| 15:02 | Crear | Skirmisher |
| 15:26 | Crear | Villager (Male) |
| 15:26 | Crear | Skirmisher |
| 15:29 | Construir | House |
| 15:35 | Construir | Palisade Wall |
| 15:46 | Construir | House |
| 15:46 | Crear | Villager (Male) |
| 15:47 | Crear | Skirmisher |
| 15:54 | Construir | Farm |
| 15:56 | Construir | Farm |
| 16:04 | Construir | Farm |
| 16:12 | Construir | House |
| 16:16 | Crear | Villager (Male) |
| 16:25 | Crear | Skirmisher |
| 16:49 | Construir | Farm |
| 16:51 | Construir | Farm |
| 16:51 | Crear | Villager (Male) |
| 17:04 | Construir | House |
| 17:07 | Crear | Villager (Male) |
| 17:14 | Crear | Skirmisher |
| 17:17 | Crear | Archer |
| 17:34 | Construir | Palisade Wall |
| 17:35 | Construir | Palisade Wall |
| 18:13 | Crear | Skirmisher |
| 18:14 | Crear | Villager (Male) |
| 18:18 | Crear | Flemish Militia |
| 18:30 | Construir | House |
| 18:32 | Construir | House |
| 18:35 | Construir | House |
| 18:40 | Construir | House |
| 18:43 | Construir | Palisade Wall |
| 18:45 | Crear | Villager (Male) |
| 18:59 | Crear | Flemish Militia |
| 19:25 | Construir | House |
| 19:55 | Construir | Palisade Wall |
| 20:04 | Crear | Villager (Male) |
| 20:18 | Construir | House |
| 20:19 | Construir | House |
| 20:21 | Construir | Palisade Wall |
| 20:24 | Construir | House |
Build order — Madeen
131 acciones detectadas en el replay
| 0:00 | Crear | Villager (Male) |
| 0:00 | Crear | Villager (Male) |
| 0:02 | Construir | House |
| 0:02 | Construir | House |
| 0:13 | Crear | Villager (Male) |
| 0:13 | Crear | Villager (Male) |
| 1:19 | Construir | Mill |
| 1:25 | Crear | Villager (Male) |
| 1:45 | Construir | Lumber Camp |
| 1:58 | Crear | Villager (Male) |
| 2:07 | Crear | Villager (Male) |
| 2:56 | Crear | Villager (Male) |
| 3:12 | Crear | Villager (Male) |
| 3:31 | Construir | House |
| 3:37 | Crear | Villager (Male) |
| 3:37 | Crear | Villager (Male) |
| 3:49 | Construir | House |
| 4:34 | Crear | Villager (Male) |
| 5:00 | Crear | Villager (Male) |
| 5:24 | Crear | Villager (Male) |
| 5:48 | Crear | Villager (Male) |
| 5:53 | Crear | Villager (Male) |
| 5:55 | Construir | Mining Camp |
| 6:04 | Investigar | Loom |
| 6:07 | Crear | Villager (Male) |
| 6:07 | Investigar | Loom |
| 6:39 | Construir | Mill |
| 7:07 | Investigar | Feudal Age |
| 7:36 | Construir | House |
| 8:04 | Construir | Barracks |
| 8:27 | Crear | Villager (Male) |
| 9:17 | Edad | Edad Feudal |
| 9:23 | Construir | Archery Range |
| 9:26 | Investigar | Double-Bit Axe |
| 9:29 | Crear | Villager (Male) |
| 9:42 | Crear | Villager (Male) |
| 9:46 | Construir | House |
| 10:05 | Construir | House |
| 10:08 | Crear | Archer |
| 10:18 | Crear | Villager (Male) |
| 10:21 | Construir | Mill |
| 10:23 | Construir | Farm |
| 10:40 | Crear | Archer |
| 10:47 | Construir | Palisade Wall |
| 10:51 | Construir | Palisade Wall |
| 10:54 | Construir | Palisade Wall |
| 11:02 | Construir | Palisade Wall |
| 11:04 | Construir | Palisade Wall |
| 11:06 | Crear | Archer |
| 11:09 | Investigar | Town Watch |
| 11:10 | Construir | Farm |
| 11:12 | Construir | Farm |
| 11:14 | Construir | Farm |
| 11:15 | Crear | Villager (Male) |
| 11:33 | Crear | Archer |
| 11:43 | Crear | Villager (Male) |
| 11:43 | Crear | Villager (Male) |
| 11:51 | Crear | Villager (Male) |
| 11:56 | Crear | Archer |
| 12:13 | Construir | Stable |
| 12:16 | Crear | Villager (Male) |
| 12:18 | Crear | Archer |
| 12:31 | Construir | Farm |
| 12:34 | Crear | Villager (Male) |
| 12:51 | Crear | Villager (Male) |
| 12:58 | Construir | Farm |
| 12:59 | Crear | Villager (Male) |
| 13:14 | Crear | Scout Cavalry |
| 13:15 | Crear | Villager (Male) |
| 13:18 | Construir | House |
| 13:27 | Crear | Villager (Male) |
| 13:31 | Construir | Blacksmith |
| 13:40 | Crear | Villager (Male) |
| 13:47 | Construir | Palisade Wall |
| 13:48 | Construir | Palisade Wall |
| 13:53 | Crear | Villager (Male) |
| 13:59 | Crear | Villager (Male) |
| 14:04 | Investigar | Horse Collar |
| 14:12 | Crear | Villager (Male) |
| 14:18 | Crear | Scout Cavalry |
| 14:23 | Investigar | Fletching |
| 14:30 | Crear | Archer |
| 14:44 | Crear | Villager (Male) |
| 14:48 | Construir | Archery Range |
| 15:01 | Crear | Villager (Male) |
| 15:09 | Crear | Villager (Male) |
| 15:09 | Crear | Archer |
| 15:11 | Construir | House |
| 15:32 | Crear | Villager (Male) |
| 15:34 | Construir | House |
| 15:38 | Crear | Archer |
| 15:41 | Crear | Scout Cavalry |
| 15:54 | Construir | House |
| 15:58 | Crear | Archer |
| 16:07 | Construir | Palisade Wall |
| 16:10 | Construir | House |
| 16:26 | Crear | Villager (Male) |
| 16:27 | Crear | Scout Cavalry |
| 16:28 | Crear | Villager (Male) |
| 16:33 | Construir | Farm |
| 16:34 | Construir | Farm |
| 16:36 | Construir | Farm |
| 16:37 | Construir | Farm |
| 16:50 | Crear | Villager (Male) |
| 16:53 | Crear | Villager (Male) |
| 16:53 | Crear | Archer |
| 16:54 | Crear | Archer |
| 16:54 | Crear | Archer |
| 17:05 | Construir | House |
| 17:11 | Construir | Palisade Gate |
| 17:25 | Crear | Scout Cavalry |
| 17:42 | Crear | Villager (Male) |
| 17:51 | Crear | Archer |
| 18:26 | Crear | Scout Cavalry |
| 18:34 | Crear | Villager (Male) |
| 18:53 | Crear | Villager (Male) |
| 19:01 | Crear | Scout Cavalry |
| 19:02 | Crear | Archer |
| 19:02 | Crear | Archer |
| 19:22 | Crear | Villager (Male) |
| 19:28 | Construir | Lumber Camp |
| 19:33 | Construir | Farm |
| 19:33 | Construir | Farm |
| 19:33 | Construir | Farm |
| 19:33 | Construir | Farm |
| 19:59 | Crear | Villager (Male) |
| 19:59 | Crear | Villager (Male) |
| 20:16 | Crear | Archer |
| 20:16 | Crear | Archer |
| 20:17 | Crear | Villager (Male) |
| 20:21 | Construir | Lumber Camp |
Cronología de la partida
| 4:04 | Capyphract · wall_segment Palisade Wall x1 |
| 4:07 | Capyphract · wall_segment Palisade Wall x1 |
| 4:08 | Capyphract · wall_segment Palisade Wall x1 |
| 7:54 | Capyphract · first_building Barracks |
| 8:04 | Madeen · first_building Barracks |
| 8:53 | Capyphract · age_up feudal |
| 8:57 | Capyphract · first_building Archery Range |
| 9:17 | Madeen · age_up feudal |
| 9:23 | Madeen · first_building Archery Range |
| 10:47 | Madeen · wall_segment Palisade Wall x1 |
| 10:51 | Madeen · wall_segment Palisade Wall x1 |
| 10:54 | Madeen · wall_segment Palisade Wall x1 |
| 11:02 | Madeen · wall_segment Palisade Wall x1 |
| 11:04 | Madeen · wall_segment Palisade Wall x1 |
| 12:13 | Madeen · first_building Stable |
| 12:41 | Capyphract · wall_segment Palisade Wall x6 |
| 12:51 | Capyphract · wall_segment Palisade Wall x10 |
| 13:35 | Capyphract · wall_segment Palisade Wall x6 |
| 13:47 | Madeen · wall_segment Palisade Wall x1 |
| 13:48 | Madeen · wall_segment Palisade Wall x1 |
| 13:56 | Capyphract · wall_segment Palisade Wall x5 |
| 14:13 | Capyphract · wall_segment Palisade Wall x6 |
| 14:49 | Capyphract · wall_segment Palisade Wall x2 |
| 15:35 | Capyphract · wall_segment Palisade Wall x15 |
| 16:07 | Madeen · wall_segment Palisade Wall x1 |
| 17:34 | Capyphract · wall_segment Palisade Wall x1 |
| 17:35 | Capyphract · wall_segment Palisade Wall x1 |
| 18:43 | Capyphract · wall_segment Palisade Wall x1 |
| 19:55 | Capyphract · wall_segment Palisade Wall x1 |
| 20:21 | Capyphract · wall_segment Palisade Wall x1 |
| 20:35 | Capyphract · resign |
[ ANÁLISIS IA · 1 CRÉDITO ]
¿Qué pasó realmente en esta partida?
Wolo.gg analiza cada decisión: build order, eco, micro, errores típicos por bracket. Análisis personalizado por WhatsApp o Discord en 30 segundos.
Guía civ
Borgoñones
Perfil
Jugador #2116604